 Dungeon Crawl Stone Soup version 0.22.1-1-ga44c0e5 (console) character file.

43105 Nephenia the Markself (level 13, 0/84 HPs)
             Began as a Deep Elf Hunter on Sept 25, 2018.
             Was the Champion of Okawaru.
             Slain by a profane servitor
             ... wielding a +1 whip of draining
              (2 damage)
             ... on level 2 of the Abyss.
             The game lasted 00:43:00 (22753 turns).

Nephenia the Markself (Deep Elf Hunter)            Turns: 22753, Time: 00:43:00

Health: 0/84       AC: 20    Str: 24    XL:     13   Next: 89%
Magic:  0/19       EV: 11    Int: 18    God:    Okawaru [******]
Gold:   1210       SH:  0    Dex: 15    Spells: 12/12 levels left

rFire    + . .     SeeInvis .   a - +3 longbow (flame)
rCold    . . .     Gourm    .   (shield currently unavailable)
rNeg     . . .     Faith    .   o - +0 plate armour
rPois    .         Spirit   +   B - +0 helmet
rElec    .         Reflect  .   y - +0 cloak
rCorr    .         Harm     .   i - +1 pair of gloves {Str+3}
MR       +....     Clarity  +   J - +0 pair of boots
Stlth    ..........             z - amulet of guardian spirit
HPRegen  0.24/turn              U - ring of protection from fire
MPRegen  0.16/turn              x - +6 ring of strength

@: heroism, finesse, wreathed by umbra, very heavily drained
A: iridescent scales 1, clarity, mutation resistance 1, strong 1
a: Heroism, Finesse, Renounce Religion


You were on level 2 of the Abyss.
You worshipped Okawaru.
Okawaru was exalted by your worship.
You were not hungry.

You visited 2 branches of the dungeon, and saw 14 of its levels.
You visited the Abyss 1 time.
You also visited: Ice Cave and Volcano.

You collected 1210 gold pieces.

Inventory:

Hand Weapons
 a - a +3 longbow of flaming (weapon)
 b - a +1 dagger of electrocution
 p - a +3 demon trident
 P - a +2 falchion of flaming
 Q - the +4 longbow of the Throat {venom, rN+ Int+4 Dex+3}
   (Okawaru gifted it to you in an ice cave)

   It poisons the ammo it fires.
   It affects your intelligence (+4).
   It affects your dexterity (+3).
   It protects you from negative energy.
Missiles
 q - 310 arrows (quivered)
Armour
 i - a +1 pair of gloves of strength (worn)
 o - a +0 plate armour (worn)
 y - a +0 cloak (worn)
 B - a +0 helmet (worn)
 J - a +0 pair of boots (worn)
Jewellery
 g - an uncursed ring of flight
 h - an uncursed ring of see invisible
 j - an uncursed ring of protection from cold
 w - an uncursed amulet of rage
 x - a +6 ring of strength (right hand)
 z - an amulet of guardian spirit (around neck)
 S - the ring "Tal Otav" {rPois Int+2 Dex+3}
   (You found it on level 2 of the Lair of Beasts)

   [ring of intelligence]

   It affects your intelligence (+2).
   It affects your dexterity (+3).
   It protects you from poison.
 U - a ring of protection from fire (left hand)
 V - an uncursed ring of resist corrosion
Wands
 A - a wand of flame (29)
 D - a wand of acid (21)
 F - a wand of paralysis (18)
 H - a wand of enslavement (11)
 T - a wand of iceblast (6)
Scrolls
 c - 2 scrolls of immolation
 l - 3 scrolls of enchant armour
 m - a scroll of remove curse
 n - a scroll of amnesia
 v - 9 scrolls of teleportation
 E - a scroll of fog
 G - a scroll of magic mapping
 O - 7 scrolls of identify
 W - a scroll of enchant weapon
Potions
 d - 2 potions of brilliance
 e - a potion of mutation
 k - a potion of ambrosia
 r - 2 potions of agility
 s - 3 potions of cancellation
 t - 2 potions of flight
 u - a potion of might
 C - a potion of berserk rage
 I - 3 potions of invisibility
 K - 2 potions of heal wounds
 M - a potion of lignification
 N - 9 potions of curing
Miscellaneous
 R - a phial of floods
 X - a fan of gales
Comestibles
 f - 27 rations
 L - 4 chunks of flesh


   Skills:
 - Level 11.0(9.9) Fighting
 + Level 17.3(15.3) Bows
 - Level 6.0(5.5) Armour
 + Level 9.7(8.7) Dodging
 - Level 1.2(1.3) Stealth
 - Level 4.1(0.0) Invocations
 - Level 6.0(1.2) Evocations


You had 12 spell levels left.
You didn't know any spells.
Your spell library contained the following spells:

 Spells                   Type           Power        Failure   Level  Hunger
 Beastly Appendage        Tmut           #.....       97%         1    ##.....
 Corona                   Hex            #......      97%         1    ##.....
 Flame Tongue             Conj/Fire      #....        97%         1    ##.....
 Freeze                   Ice            #...         97%         1    ##.....
 Infusion                 Chrm           #...         97%         1    ##.....
 Magic Dart               Conj           #...         97%         1    ##.....
 Sandblast                Erth           #.....       97%         1    ##.....
 Shock                    Conj/Air       #...         97%         1    ##.....
 Blink                    Tloc           N/A          99%         2    ###....
 Call Imp                 Summ           #.......     99%         2    ###....
 Ensorcelled Hibernation  Hex/Ice        #.....       99%         2    ###....
 Passwall                 Tmut/Erth      #.......     99%         2    ###....
 Searing Ray              Conj           #.....       99%         2    ###....
 Shroud of Golubria       Chrm/Tloc      #.........   99%         2    ###....
 Slow                     Hex            #.......     99%         2    ###....
 Song of Slaying          Chrm           #.......     99%         2    ###....
 Sticks to Snakes         Tmut           #.......     99%         2    ###....
 Swiftness                Chrm/Air       #.......     99%         2    ###....
 Throw Flame              Conj/Fire      #.....       99%         2    ###....
 Throw Frost              Conj/Ice       #.....       99%         2    ###....
 Confuse                  Hex            #.......     100%        3    ####...
 Conjure Flame            Conj/Fire      #.......     100%        3    ####...
 Dazzling Spray           Conj/Hex       #.....       100%        3    ####...
 Ignite Poison            Fire/Tmut/Pois #.......     100%        3    ####...
 Inner Flame              Hex/Fire       #.......     100%        3    ####...
 Mephitic Cloud           Conj/Pois/Air  #.......     100%        3    ####...
 Ozocubu's Armour         Chrm/Ice       #.......     100%        3    ####...
 Regeneration             Chrm/Necr      #.........   100%        3    ####...
 Spectral Weapon          Hex/Chrm       #.......     100%        3    ####...
 Spider Form              Tmut/Pois      #.........   100%        3    ####...
 Static Discharge         Conj/Air       #.......     100%        3    ####...
 Stone Arrow              Conj/Erth      #.....       100%        3    ####...
 Tukima's Dance           Hex            #.......     100%        3    ####...
 Airstrike                Air            #.........   100%        4    #####..
 Force Lance              Conj/Tloc      #.......     100%        4    #####..
 Fulminant Prism          Conj/Hex       #.........   100%        4    #####..
 Ice Form                 Ice/Tmut       #.......     100%        4    #####..
 Iskenderun's Mystic Bla  Conj           #.......     100%        4    #####..
 Petrify                  Tmut/Erth      #.......     100%        4    #####..
 Sticky Flame             Conj/Fire      #.......     100%        4    #####..
 Summon Ice Beast         Ice/Summ       #.......     100%        4    #####..
 Throw Icicle             Conj/Ice       #.......     100%        4    #####..
 Blade Hands              Tmut           #.........   100%        5    ######.
 Fireball                 Conj/Fire      #.........   100%        5    ######.
 Lee's Rapid Deconstruct  Erth           #.........   100%        5    ######.
 Lightning Bolt           Conj/Air       #.........   100%        5    ######.


Dungeon Overview and Level Annotations

Branches:
Dungeon (10/15)            Temple (0/1) D:4            Lair (4/6) D:8
 Shoals (0/4) Lair:2       Spider (0/4) Lair:2
    Orc: D:9-12

Altars:
Dithmenos
Fedhas
Makhleb
Okawaru
Qazlal
Sif Muna
Trog
Xom
Zin
The Shining One


Innate Abilities, Weirdness & Mutations

You are partially covered in iridescent scales. (AC +2)
You possess an exceptional clarity of mind.
You are somewhat resistant to further mutation.
Your muscles are strong. (Str +2)


Message History

* * * LOW HITPOINT WARNING * * *
The profane servitor hits you with a whip of draining.
* * * LOW HITPOINT WARNING * * *
You feel drained. x2
Firing (i - inventory)
q - 311 arrows (quivered)
Press: ? - help, Shift-Dir - straight line, f/p - profane servitor
Aim: a profane servitor, wielding a whip of draining (moderately damaged, You shoot an arrow.
The arrow barely misses the profane servitor.
The profane servitor hits you with a whip of draining!
* * * LOW HITPOINT WARNING * * *
The profane servitor draws strength from your injuries!
You feel drained.
* * * LOW HITPOINT WARNING * * *
The profane servitor hits you but does no damage.
You feel drained.
The profane servitor hits you but does no damage.
You feel drained.
The profane servitor hits you with a whip of draining.
You die...

.##.. #. ..
..#####...# .# ...
...##....##.#..#
##.........#_# . .
#...#...... ≈ ≈
.#.......# .# . .
######.#.##.#..#.
......#...A@.......S
......(((.######...#
#....((#...# # .#..#
##.## # .... ..#.. )
# . # ###.... . .
...§...≈ ...§#§###
§≈. . .≈≈§≈§≈ ≈.≈§≈


You could see a profane servitor.

Vanquished Creatures
  Gastronok (Lair:1)
  A white draconian (IceCv)
  A blizzard demon (Abyss:2)
  6 hydras
  3 two-headed ogres (D:9)
  5 death yaks (Lair:3)
  Urug (Lair:1)
  An unseen horror (D:10)
  3 wizards (Volcano)
  Pikel (D:9)
  4 lindwurms (Lair:2)
  4 oklob plants
  Joseph (D:8)
  3 toenail golems (Volcano)
  An elephant (D:8)
  3 black mambas
  An ice statue (IceCv)
  4 spiny frogs
  2 rime drakes
  2 komodo dragons
  A jumping spider (Lair:2)
  16 polar bears
  2 dream sheep (D:9)
  A hornet (D:8)
  5 hippogriffs
  16 blink frogs
  Sigmund (D:6)
  27 yaks
  3 basilisks
  A hungry ghost (D:10)
  8 water moccasins
  8 porcupines
  2 ice beasts (D:6)
  3 black bears
  A phantom (D:4)
  3 orc warriors
  A necrophage (D:9)
  5 ogres
  12 wolves
  2 centaurs
  8 crocodiles
  Blork the orc (D:6)
  8 bullfrogs
  3 big kobolds (D:9)
  A water moccasin skeleton (D:4)
  An oklob sapling (D:8)
  3 wights (D:9)
  A howler monkey (D:5)
  2 bullfrog zombies
  4 crimson imps
  A centaur zombie (D:7)
  A jelly (D:8)
  2 orc priests
  5 hounds
  2 centaur skeletons
  Natasha (D:3)
  2 worker ants
  Robin (D:2)
  17 adders
  3 shadow imps
  2 oozes
  2 adder zombies
  2 adder skeletons (D:4)
  A dart slug (D:3)
  5 leopard geckos
  19 orcs
  6 giant cockroaches
  15 goblins
  9 hobgoblins
  20 jackals
  3 kobolds
  7 ball pythons
  A ball python skeleton (D:4)
  6 bats (D:1)
  6 frilled lizards
  A leopard gecko skeleton (D:4)
  3 quokka skeletons
  A quokka zombie (D:9)
  12 rats
  2 plants (D:8)
356 creatures vanquished.

Vanquished Creatures (collateral kills)
  An oklob plant (Lair:1)
1 creature vanquished.

Vanquished Creatures (others)
  A black mamba (Lair:1)
  2 polar bears (IceCv)
  4 slaves (D:9)
  2 bushes
  3 fungi
  16 plants
28 creatures vanquished.

Grand Total: 385 creatures vanquished

Notes
Turn   | Place    | Note
-------+----------+-------------------------------------------
     0 | D:1      | Nephenia the Deep Elf Hunter began the quest for the Orb.
     0 | D:1      | Reached XP level 1. HP: 12/12 MP: 3/3
   537 | D:1      | Reached XP level 2. HP: 1/16 MP: 4/4
   566 | D:1      | Reached skill level 5 in Bows
  1300 | D:1      | Reached XP level 3. HP: 20/20 MP: 5/5
  1852 | D:2      | Found a stormy altar of Qazlal.
  1852 | D:2      | Noticed an earth elemental
  1892 | D:2      | Reached skill level 6 in Bows
  2219 | D:2      | Noticed Robin
  2358 | D:2      | Noticed an ogre
  2417 | D:2      | Noticed Natasha
  2589 | D:3      | Reached XP level 4. HP: 25/25 MP: 6/6
  3767 | D:3      | Reached skill level 1 in Evocations
  3767 | D:3      | Reached XP level 5. HP: 29/29 MP: 7/7
  3866 | D:3      | Found an iron altar of Okawaru.
  3867 | D:3      | Found a deep blue altar of Sif Muna.
  3921 | D:3      | Became a worshipper of Warmaster Okawaru
  4362 | D:3      | Killed Natasha
  4362 | D:3      | Reached skill level 7 in Bows
  4445 | D:2      | Noticed a water elemental
  4446 | D:2      | Noticed a fire elemental
  4446 | D:2      | Noticed an air elemental
  4696 | D:2      | Killed Robin
  4770 | D:2      | HP: 1/43 [ogre/giant club (25)]
  4772 | D:2      | Killed an ogre
  4772 | D:2      | Reached XP level 6. HP: 2/34 MP: 8/10
  5371 | D:4      | Found a staircase to the Ecumenical Temple.
  5467 | D:4      | Reached * piety under Okawaru
  5467 | D:4      | Reached skill level 8 in Bows
  5467 | D:4      | Reached XP level 7. HP: 38/38 MP: 10/12
  5676 | D:4      | Reached skill level 1 in Armour
  5993 | D:4      | You fall through a shaft for 3 floors!
  6415 | D:7      | Reached skill level 9 in Bows
  6417 | D:7      | Reached ** piety under Okawaru
  6589 | D:6      | Reached skill level 1 in Invocations
  6589 | D:6      | Reached XP level 8. HP: 15/43 MP: 13/13
  6740 | D:6      | Found a bloodstained altar of Trog.
  6790 | D:6      | Noticed Sigmund
  6824 | D:6      | Killed Sigmund
  7128 | D:6      | Noticed Blork the orc
  7140 | D:6      | Killed Blork the orc
  7305 | D:6      | Found a shimmering altar of Xom.
  7305 | D:6      | Found a burning altar of Makhleb.
  7775 | D:6      | Reached skill level 10 in Bows
  7998 | D:6      | Reached *** piety under Okawaru
  8471 | D:5      | Entered Level 5 of the Dungeon
  8620 | D:5      | Reached XP level 9. HP: 41/47 MP: 14/14
  8880 | D:5      | Found a glowing golden altar of the Shining One.
  9063 | D:5      | Found a glowing silver altar of Zin.
  9624 | D:8      | Noticed an elephant
  9664 | D:7      | Reached skill level 5 in Armour
 10405 | D:8      | Found a staircase to the Lair.
 10520 | D:8      | Killed an elephant
 10520 | D:8      | Reached skill level 5 in Evocations
 10557 | D:8      | Noticed Joseph
 10573 | D:8      | Killed Joseph
 10573 | D:8      | Reached **** piety under Okawaru
 10573 | D:8      | Received a gift from Okawaru
 10899 | D:8      | Reached skill level 11 in Bows
 11166 | D:8      | Noticed an oklob plant
 11428 | D:9      | Gained mutation: Your muscles are strong. (Str +2) [potion
                  | of mutation]
 11428 | D:9      | Gained mutation: You possess an exceptional clarity of
                  | mind. [potion of mutation]
 11428 | D:9      | Gained mutation: You are somewhat resistant to further
                  | mutation. [potion of mutation]
 11428 | D:9      | Gained mutation: You are partially covered in iridescent
                  | scales. (AC +2) [potion of mutation]
 11581 | D:9      | Reached XP level 10. HP: 56/56 MP: 13/16
 11809 | D:9      | Noticed Pikel
 11835 | D:9      | Killed Pikel
 11835 | D:9      | Received a gift from Okawaru
 11835 | D:9      | Received a gift from Okawaru
 11835 | D:9      | Reached skill level 5 in Fighting
 12051 | D:9      | Reached ***** piety under Okawaru
 12734 | D:9      | Noticed a three-headed hydra
 12746 | D:9      | Killed a one-headed hydra
 12746 | D:9      | Received a gift from Okawaru
 12746 | D:9      | Reached skill level 12 in Bows
 12961 | D:9      | Noticed a two-headed ogre
 13168 | D:9      | Noticed a two-headed ogre
 13181 | D:9      | Killed a two-headed ogre
 13181 | D:9      | Reached XP level 11. HP: 43/67 MP: 17/17
 13468 | D:9      | Noticed a two-headed ogre
 13486 | D:9      | Killed a two-headed ogre
 13723 | D:9      | Killed a two-headed ogre
 13836 | D:10     | Entered Level 10 of the Dungeon
 13946 | D:10     | Noticed an unseen horror
 13955 | D:10     | Killed an unseen horror
 14405 | D:10     | Found a shadowy altar of Dithmenos.
 14868 | Lair:1   | Entered Level 1 of the Lair of Beasts
 14891 | Lair:1   | Noticed an oklob plant
 14891 | Lair:1   | Noticed an oklob plant
 14891 | Lair:1   | Noticed an oklob plant
 14891 | Lair:1   | Noticed an oklob plant
 14892 | Lair:1   | Found the +27 Lear's hauberk
 14931 | Lair:1   | Received a gift from Okawaru
 14958 | Lair:1   | Reached skill level 13 in Bows
 15221 | Lair:1   | Killed an oklob plant
 15221 | Lair:1   | Received a gift from Okawaru
 15246 | Lair:1   | Noticed Gastronok
 15523 | Lair:1   | Noticed a seven-headed hydra
 15538 | Lair:1   | Killed a one-headed hydra
 15538 | Lair:1   | Received a gift from Okawaru
 15566 | Lair:1   | Noticed Urug
 15594 | Lair:1   | Killed Urug
 15683 | Lair:1   | Received a gift from Okawaru
 16196 | Lair:1   | Killed an oklob plant
 16459 | Lair:1   | Killed an oklob plant
 16530 | Lair:1   | Killed an oklob plant
 16701 | Lair:1   | Killed Gastronok
 16701 | Lair:1   | Received a gift from Okawaru
 16701 | Lair:1   | Reached skill level 14 in Bows
 16701 | Lair:1   | Reached XP level 12. HP: 76/76 MP: 18/18
 17576 | D:8      | Found a blossoming altar of Fedhas.
 17638 | D:8      | Received a gift from Okawaru
 17793 | Lair:2   | Noticed a seven-headed hydra
 17800 | Lair:2   | Killed a seven-headed hydra
 17856 | Lair:2   | Found a frozen archway.
 17952 | IceCv    | Entered an ice cave
 17996 | IceCv    | Received a gift from Okawaru
 18001 | IceCv    | Reached skill level 10 in Fighting
 18021 | IceCv    | Got an encrusted longbow {god gift}
 18022 | IceCv    | Identified the +4 longbow of the Throat {venom, rN+ Int+4
                  | Dex+3} (Okawaru gifted it to you in an ice cave)
 18664 | IceCv    | Reached skill level 15 in Bows
 18789 | IceCv    | Received a gift from Okawaru
 19030 | IceCv    | Noticed a white draconian
 19095 | IceCv    | Reached ****** piety under Okawaru
 19459 | IceCv    | Killed a white draconian
 19509 | IceCv    | Identified the Catalogue of Fiery Protection
 20023 | Lair:2   | Received a gift from Okawaru
 20024 | Lair:2   | Got an ichor-stained shield {god gift}
 20042 | Lair:2   | Noticed a five-headed hydra
 20044 | Lair:2   | Killed a five-headed hydra
 20094 | Lair:2   | Reached XP level 13. HP: 84/84 MP: 19/19
 20183 | Lair:2   | Found a staircase to the Shoals.
 20246 | Lair:2   | Found a hole to the Spider Nest.
 20559 | Lair:2   | Reached skill level 16 in Bows
 20570 | Lair:2   | Reached skill level 5 in Dodging
 20707 | Lair:2   | Got a faintly glowing copper ring
 20709 | Lair:2   | Identified the ring "Tal Otav" {rPois Int+2 Dex+3} (You
                  | found it on level 2 of the Lair of Beasts)
 20711 | Lair:2   | Got a serpentine emerald amulet
 20713 | Lair:2   | Identified the amulet of the Messenger {Harm *Drain rF+}
                  | (You found it on level 2 of the Lair of Beasts)
 21198 | Lair:3   | Received a gift from Okawaru
 21219 | Lair:3   | Received a gift from Okawaru
 21545 | Lair:3   | Got a bound glass ring
 21595 | Lair:3   | Identified the ring "Diroaces" {rCorr rElec rC+ rN++
                  | Slay-5} (You found it on level 3 of the Lair of Beasts)
 22089 | Lair:4   | Reached skill level 17 in Bows
 22212 | Lair:4   | Found a dark tunnel.
 22221 | Volcano  | Entered a volcano
 22686 | Volcano  | Cast into level 2 of the Abyss (a wizard)
 22695 | Abyss:2  | Noticed a blizzard demon
 22714 | Abyss:2  | Killed a blizzard demon
 22715 | Abyss:2  | Found a corrupted altar of Lugonu.
 22737 | Abyss:2  | Noticed a profane servitor
 22751 | Abyss:2  | HP: 2/84 [profane servitor/whip of draining (5)]
 22753 | Abyss:2  | Found a corrupted altar of Lugonu.
 22753 | Abyss:2  | Slain by a profane servitor

Skill      XL: |  1  2  3  4  5  6  7  8  9 10 11 12 13 |
---------------+----------------------------------------+-----
Bows           | 5 6 7 8 9 10 11 12 14 15 17 | 17.3
Evocations     | 1 2 4 5 6 |  6.0
Armour         | 3 4 5 6 |  6.0
Invocations    | 1 4 |  4.1
Fighting       | 4 7 9 11 | 11.0
Dodging        | 3 9 |  9.7
Stealth        | |  1.2

Action                   |  1- 3 |  4- 6 |  7- 9 | 10-12 | 13-15 || total
-------------------------+-------+-------+-------+-------+-------++-------
Melee: Short sword       |   141 |   176 |       |       |       ||   317
       Dagger            |       |    58 |   389 |   369 |     2 ||   818
       Falchion          |       |       |       |    14 |       ||    14
       Punch             |       |       |       |     1 |       ||     1
 Fire: Shortbow          |    45 |    53 |    38 |    63 |       ||   199
       Longbow           |       |       |       |   289 |   278 ||   567
Invok: Heroism           |       |       |     4 |     6 |     2 ||    12
       Finesse           |       |       |       |     1 |     1 ||     2
 Abil: Evoke Berserk Rag |       |     3 |     8 |     5 |       ||    16
       Evoke Flight      |       |       |       |     3 |     2 ||     5
Evoke: Wand              |       |       |     4 |     2 |       ||     6
  Use: Scroll            |     2 |       |     6 |    16 |     3 ||    27
       Potion            |       |       |     3 |     1 |     2 ||     6
 Stab: Paralysed         |       |       |     2 |       |       ||     2
  Eat: Chunk             |     5 |    12 |    24 |    23 |     8 ||    72
       Ration            |       |       |     1 |     3 |       ||     4
Armor: Plate armour      |   174 |   214 |   298 |   377 |    51 ||  1114
       Leather armour    |    13 |       |       |       |       ||    13
Dodge: Dodged            |    22 |    69 |   133 |   218 |    60 ||   502
       Rpst.: Falchion   |       |       |       |     1 |       ||     1
